 Dungeon Crawl Stone Soup version 0.19.5 (webtiles) character file.

97 theAP the Skirmisher (level 5, -9/43 HPs)
             Began as a Formicid Fighter on Apr 14, 2017.
             Killed from afar by an orc wizard (13 damage)
             ... with a puff of frost
             ... on level 3 of the Dungeon.
             The game lasted 00:03:04 (1256 turns).

theAP the Skirmisher (Formicid Fighter)             Turns: 1256, Time: 00:03:05

Health: -9/43      AC:  8    Str: 21    XL:     5   Next: 0%
Magic:  5/5        EV:  7    Int:  8    God:
Gold:   72         SH:  9    Dex: 10    Spells: 0 memorised, 4 levels left

rFire  + + .     SeeInvis +     a - +0 long sword
rCold  x . .     Gourm    .     b - +0 scale mail
rNeg   . . .     Faith    .     c - +0 shield
rPois  .         Spirit   .     (helmet unavailable)
rElec  .         Reflect  .     (no cloak)
rCorr  .         Harm     .     (no gloves)
MR     .....                    o - +0 pair of boots
Stlth  ..........               (no amulet)
                                m - ring of protection from fire
                                g - ring of fire

@: no status effects
A: permanent stasis, dig shafts and tunnels, four strong arms, antennae 3
a: Dig, Shaft Self


You were on level 3 of the Dungeon.
You were hungry.

You visited 1 branch of the dungeon, and saw 3 of its levels.

You collected 72 gold pieces.

Inventory:

Hand Weapons
 a - a +0 long sword (weapon)
Armour
 b - a +0 scale mail (worn)
 c - a +0 shield (worn)
 o - a +0 pair of boots (worn)
Jewellery
 g - a ring of fire (left hand)
 m - a ring of protection from fire (right hand)
Scrolls
 h - a scroll of identify
 j - 3 scrolls of amnesia
 l - a scroll of remove curse
Potions
 d - a potion of might
 e - 2 potions of curing
 k - 2 potions of cure mutation {unknown}
 p - a potion of heal wounds {unknown}
Comestibles
 f - 2 bread rations
 i - a fruit
 n - a meat ration


   Skills:
 + Level 4.3 Fighting
 * Level 4.0 Long Blades
 - Level 3.2 Armour
 - Level 3.6 Shields


You had 4 spell levels left.
You didn't know any spells.

Dungeon Overview and Level Annotations

Branches:
Dungeon (3/15)

Altars:


Innate Abilities, Weirdness & Mutations

You are under a permanent stasis effect.
You can dig through walls and to a lower floor.
Your four strong arms can wield two-handed weapons with a shield.
You have a pair of large antennae on your head. (SInv)


Message History

The orc wizard hits you with a dagger.
* * * LOW HITPOINT WARNING * * *
You closely miss the orc wizard.
The orc wizard is moderately wounded.
You block the orc wizard's attack.
You completely miss the orc wizard.
The orc wizard is moderately wounded.
The orc wizard points at you and mumbles some strange words.
The magic dart hits you!
* * * LOW HITPOINT WARNING * * *
The orc wizard hits you but does no damage.
You completely miss the orc wizard.
The orc wizard is moderately wounded.
The orc wizard hits you but does no damage. x2
You closely miss the orc wizard.
The orc wizard is moderately wounded.
You block the orc wizard's attack.
The orc wizard gestures at you while chanting.
The puff of frost hits you!
You feel a terrible chill!
You die...

#.###.####.# {{ { #. #.#
#.#### ##### #.###.#
#.#.. .#.. #.....# #.#.#
##.#.### ###.###
#.#.##........ ....##
#......# ...# #
#...†#######.#### ...#...
##.#......##.#####.......
#....####.##..†?@o..#
....## #.#########......
##..# #.##### ##### ##..#
#...>.# ....# #####.#
###.# #.# #.# #.# ...
####.#### ... #.......#


You could see an orc wizard (invisible).

Vanquished Creatures
  An orc wizard (D:3)
  An adder (D:2)
  A dart slug (D:1)
  2 leopard geckos (D:1)
  An orc (D:3)
  10 bats
  4 giant cockroaches
  6 goblins
  5 hobgoblins
  3 quokkas
  4 frilled lizards
  5 kobolds
  7 rats
50 creatures vanquished.

Notes
Turn   | Place    | Note
-------+----------+-------------------------------------------
     0 | D:1      | theAP the Formicid Fighter began the quest for the Orb.
     0 | D:1      | Reached XP level 1. HP: 18/18 MP: 1/1
   198 | D:1      | Reached XP level 2. HP: 24/24 MP: 2/2
   410 | D:1      | Reached XP level 3. HP: 15/30 MP: 3/3
   772 | D:2      | Reached XP level 4. HP: 28/37 MP: 4/4
  1252 | D:3      | Reached XP level 5. HP: 7/43 MP: 5/5
  1256 | D:3      | Killed from afar by an orc wizard

Skill      XL: |  1  2  3  4 |
---------------+-------------+-----
Long Blades    | 3 4 |  4.0
Fighting       | 4 |  4.3
Armour         | |  3.2
Shields        | |  3.6

Action                   |  1- 3 |  4- 6 || total
-------------------------+-------+-------++-------
Melee: Long sword        |   127 |    74 ||   201
  Use: Scroll            |     4 |       ||     4
  Eat: Chunk             |       |     1 ||     1
Armor: Scale mail        |    79 |    25 ||   104
Dodge: Dodged            |    51 |    23 ||    74
Block: Shield            |    94 |    48 ||   142
       Rpst.: Long sword |    16 |     3 ||    19
